 Dungeon Crawl Stone Soup version 0.27-a0-1301-g128193abf8 (webtiles) character file.

Game seed: 10411724057987903418

33 Lanoc the Skirmisher (level 3, -1/29 HPs)
             Began as a Mummy Chaos Knight on June 17, 2021.
             Was a Plaything of Xom.
             Slain by an iguana (12 damage)
             ... on level 2 of the Dungeon.
             The game lasted 00:01:44 (1339 turns).

Lanoc the Skirmisher (Mummy Chaos Knight)           Turns: 1339, Time: 00:01:44

Health: -1/29      AC:  5    Str: 15    XL:     3   Next: 12%
Magic:  3/3        EV: 11    Int: 11    God:    Xom [..*...]
Gold:   73         SH:  0    Dex: 12    Spells: 2/2 levels left

rFire    x . .     SeeInvis .   a - +0 mace (chaos)
rCold    + + .     Faith    .   (no shield)
rNeg     + + +     Spirit   .   b - +2 leather armour
rPois    ∞         Reflect  .   (no helmet)
rElec    .         Harm     .   (no cloak)
rCorr    .         Rampage  .   (no gloves)
Will     .....                  (no boots)
Stlth    +.........             (no amulet)
HPRegen  0.09/turn              g - ring of protection from cold
MPRegen  0.08/turn              (no ring)

@: no status effects
A: cold resistance 1, negative energy resistance 3, torment resistance 2, heat
vulnerability 1, no potions
a: Renounce Religion


You were on level 2 of the Dungeon.
You worshipped Xom.
You were a toy of Xom.
You visited 1 branch of the dungeon, and saw 2 of its levels.

You collected 73 gold pieces.

Inventory:

Hand Weapons
 a - a +0 mace of chaos (weapon)
Missiles
 e - 4 curare-tipped darts (quivered)
Armour
 b - a +2 leather armour (worn)
Jewellery
 g - a ring of protection from cold (left hand)
Scrolls
 c - a scroll of fog {unknown}
 d - 2 scrolls of teleportation {unknown}
 f - a scroll of identify {unknown}
 h - a scroll of brand weapon {unknown}
 i - a scroll of magic mapping {unknown}


   Skills:
 + Level 3.2 Fighting
 * Level 2.9 Maces & Flails
 + Level 1.9 Armour
 + Level 1.2 Dodging


You had 2 spell levels left.
You didn't know any spells.
Your spell library was empty.

Dungeon Overview and Level Annotations

Branches:
Dungeon (2/15)

Altars:
Elyvilon


Innate Abilities, Weirdness & Mutations

You are immune to poison.
Your flesh is cold resistant. (rC+)
You are immune to negative energy. (rN+++)
You are immune to unholy pain and torment.
You are vulnerable to heat. (rF-)
You do not drink.


Message History

You hit the worm but do no damage.
Nothing appears to happen.
The worm is heavily wounded.
The worm barely misses you.
You thump the worm!
The worm is almost dead.
The worm closely misses you.
You barely miss the worm.
The worm is severely wounded.
The worm bites you.
You hit the worm.
You kill the worm!
HP restored.
You see here a grey potion.
An iguana comes into view.
The iguana hisses angrily.
An iguana is nearby!
Found a whip.
A worm comes into view.
The iguana misses you.
You hit the iguana.
The iguana is lightly wounded.
The iguana misses you.
You hit the iguana.
The iguana is poisoned.
The iguana is heavily wounded.
The iguana bites you! The iguana closely misses you.
You barely miss the iguana.
The iguana is heavily wounded.
The iguana barely misses you.
You barely miss the iguana.
The iguana is heavily wounded.
The iguana bites you!
You are too injured to fight recklessly!
You are too injured to fight recklessly!
Xom grants you insight.
You detect nothing.
You see here a +0 robe.
You hit the iguana but do no damage.
The iguana is almost dead.
The iguana bites you!
You die...

#.# #.# #.#### # #....# #.
#.##!####### *####.#####
#.#........#
.........######.#........#
.)..............#........#
.......w....[l@.#........#
..[.............#........#
.........####.!.#........#
*,.........# #.###........#
**####.##### #.# #........#
######.########.####'############
.................................
........##....#.####...!.........
.........'.......................


You could see a worm and an iguana (poisoned).

Vanquished Creatures
  A worm (D:2)
  2 dart slugs (D:1)
  An orc (D:2)
  A ball python (D:1)
  4 endoplasms
  A goblin (D:1)
  A hobgoblin (D:1)
  3 quokkas (D:1)
  A bat (D:1)
  3 frilled lizards
  4 kobolds
  3 rats
25 creatures vanquished.

Notes
Turn   | Place    | Note
-------+----------+-------------------------------------------
     0 | D:1      | Lanoc the Mummy Chaos Knight began the quest for the Orb.
     0 | D:1      | Reached XP level 1. HP: 18/18 MP: 1/1
   100 | D:1      | Reached skill level 1 in Dodging
   104 | D:1      | Reached XP level 2. HP: 24/24 MP: 2/2
   393 | D:1      | XOM: divination: detect creatures
   424 | D:1      | Found a faded altar of an unknown god.
  1128 | D:2      | XOM: divination: magic mapping
  1132 | D:2      | Reached XP level 3. HP: 28/29 MP: 3/3
  1163 | D:2      | XOM: silly message
  1334 | D:2      | XOM: divination: detect creatures
  1339 | D:2      | Slain by an iguana

Illustrated notes

Levels and vault maps discovered:
D:1:      minmay_arrival_jagged, layout_basic,
          shapermc_ecumenical_altar_totnotflames
D:2:      layout_basic, basic_altar, nrook_uturn

Skill      XL: |  1 |
---------------+----+-----
Dodging        | 1 |  1.2
Fighting       | |  3.2
Maces & Flails | |  2.9
Armour         | |  1.9

Action                   || total
-------------------------++-------
Melee: Mace              ||    79
Armor: Leather armour    ||    26
Dodge: Dodged            ||    49

Table legend: (Time is in decaauts)
 A = Elapsed time spent in this place.
 B = Non-inter-level travel time spent in this place.
 C = Inter-level travel time spent in this place.
 D = Time resting spent in this place.
 E = Time spent auto-exploring this place.
 F = Levels seen in this place.
 G = Mean time per level.
                   A        B        C        D        E       F      G
               +--------+--------+--------+--------+--------+-----+--------+
         Total |   1358 |   1357 |      1 |      0 |   1111 |   2 |  679.0 |
       Dungeon |   1358 |   1357 |      1 |      0 |   1111 |   2 |  679.0 |
               +--------+--------+--------+--------+--------+-----+--------+

Top non-repeatable levels by time:
     D:1: 865 daAuts
     D:2: 493 daAuts
